 Seeded DCSS version 0.30-a0-250-g41c1d76940 (webtiles) character file.

Game seed: 13467225841375002083 (custom seed)

310 Iusername the Shield-Bearer (level 6, -2/56 HPs)
             Began as a Minotaur Fighter on Oct 12, 2022.
             Slain by a gnoll
             ... wielding a +0 whip
              (6 damage)
             ... on level 2 of the Dungeon.
             The game lasted 00:01:54 (1860 turns).

Iusername the Shield-Bearer (Minotaur Fighter)      Turns: 1860, Time: 00:01:55

Health: -2/56      AC:  7    Str: 22    XL:     6   Next: 18%
Magic:  5/5        EV:  9    Int:  5    God:
Gold:   63         SH:  5    Dex: 10    Spells: 5/5 levels left

rFire   . . .      SeeInvis .    a - +0 trident
rCold   . . .      Faith    .    c - +0 buckler
rNeg    . . .      Spirit   .    b - +0 scale mail
rPois   .          Reflect  .    (helmet restricted)
rElec   .          Harm     .    (no cloak)
rCorr   .          Rampage  .    (no gloves)
Will    .....                    (no boots)
Stlth   ..........               (no amulet)
HPRegen 0.29/turn                (no ring)
MPRegen 0.09/turn                (no ring)

@: no status effects
A: horns 2, retaliatory headbutt
a: no special abilities


You were on level 2 of the Dungeon.
You visited 1 branch of the dungeon, and saw 2 of its levels.

You collected 63 gold pieces.

Inventory:

Hand Weapons
 a - a +0 trident (weapon)
Armour
 b - a +0 scale mail (worn)
 c - a +0 buckler (worn)
 j - a +0 cloak
Jewellery
 n - a ring of flight
Wands
 m - a wand of flame (7) (quivered)
Scrolls
 d - a scroll of fear {unknown}
 e - a scroll of acquirement {unknown}
 f - 4 scrolls of identify {unknown}
 k - a scroll of teleportation {unknown}
Potions
 g - a potion of ambrosia {unknown}
 h - a potion of mutation {unknown}
 i - a potion of attraction {unknown}
 l - a potion of curing {unknown}


   Skills:
 + Level 5.2 Fighting
 + Level 4.4 Polearms
 + Level 5.2 Armour
 + Level 5.2 Shields


You had 5 spell levels left.
You didn't know any spells.
Your spell library contained the following spells:

 Spells                   Type           Power      Damage    Failure   Level
 Blink                    Tloc           0%         N/A       95%         2
 Momentum Strike          Conj/Tloc      0%         3d8       95%         2
 Lesser Beckoning         Tloc           0%         N/A       99%         3


Dungeon Overview and Level Annotations

Branches:
Dungeon (2/15)

Altars:
Cheibriados


Innate Abilities, Weirdness & Mutations

You have a pair of horns on your head.
You reflexively headbutt those who attack you in melee.


Message History

You are too injured to fight recklessly!
Aiming: Throw Flame
Press: ? - help, Shift-Dir - straight line, f/p - gnoll
Aim: a gnoll, wielding a +1 halberd of protection (72% to hit)
The puff of flame hits the gnoll but does no damage.
The gnoll barely misses you.
Aiming: Throw Flame
Press: ? - help, Shift-Dir - straight line, f/p - gnoll
Aim: a gnoll, wielding a +1 halberd of protection (72% to hit)
The puff of flame hits the gnoll.
The gnoll is lightly wounded.
The gnoll hits you but does no damage.
You are too injured to fight recklessly!
Aiming: Throw Flame
Press: ? - help, Shift-Dir - straight line, f/p - gnoll
Aim: a gnoll, wielding a +1 halberd of protection (lightly wounded, 72% to hit)
The puff of flame hits the gnoll but does no damage.
The gnoll is lightly wounded.
The gnoll closely misses you.
Aiming: Throw Flame
Press: ? - help, Shift-Dir - straight line, f/p - gnoll
Aim: a gnoll, wielding a +1 halberd of protection (lightly wounded, 72% to hit)
The puff of flame hits the gnoll.
The gnoll is moderately wounded.
The gnoll barely misses you.
Aiming: Throw Flame
Press: ? - help, Shift-Dir - straight line, f/p - gnoll
Aim: a gnoll, wielding a +1 halberd of protection (moderately wounded, 72% to hit)
The puff of flame hits the gnoll.
The gnoll is heavily wounded.
The gnoll hits you from afar with a +1 halberd of protection!
* * * LOW HITPOINT WARNING * * *
The gnoll hits you with a +1 halberd of protection.
* * * LOW HITPOINT WARNING * * *
You puncture the gnoll!
You kill the gnoll!
You completely miss the gnoll. The gnoll hits you with a +0 whip!
* * * LOW HITPOINT WARNING * * *
The gnoll hits you with a +0 whip.
You die...

### #.# #.# #. ####.# #.#
#. #....# #.# #. #.#### #.#
#########. #.# #.#
#......##. #.#### #.#
#.####.##. #.##.######.#
#.# #.##g####.#.........#
#.# #.##)@.........####.##
#.# #.#######.#.........#.
#.####..................<..
#............#.###.#####...
############.#.# #.# ####
#.#.# #.# #.#.# #.# #.#.#
#.# #.#.# #.#######


You could see a gnoll.

Vanquished Creatures
  Sigmund (D:2)
  Jessica (D:2)
  Terence (D:2)
  3 gnolls (D:2)
  3 adders (D:2)
  3 dart slugs
  5 bats
  A giant cockroach (D:2)
  2 goblins
  2 hobgoblins
  A quokka (D:2)
  5 ball pythons
  2 frilled lizards
  A kobold (D:2)
  A rat (D:1)
32 creatures vanquished.

Notes
Turn   | Place    | Note
-------+----------+-------------------------------------------
     0 | D:1      | Iusername the Minotaur Fighter began the quest for the Orb.
     0 | D:1      | Reached XP level 1. HP: 19/19 MP: 0/0
   757 | D:1      | Reached XP level 2. HP: 27/27 MP: 1/1
   936 | D:2      | Reached XP level 3. HP: 31/33 MP: 2/2
   945 | D:2      | Found a snail-covered altar of Cheibriados.
  1047 | D:2      | Noticed Sigmund
  1078 | D:2      | Killed Sigmund
  1079 | D:2      | Reached skill level 5 in Shields
  1079 | D:2      | Reached XP level 4. HP: 15/41 MP: 3/3
  1079 | D:2      | Reached XP level 5. HP: 17/47 MP: 4/4
  1328 | D:2      | Noticed Terence
  1339 | D:2      | Killed Terence
  1340 | D:2      | Reached skill level 5 in Fighting
  1340 | D:2      | Reached skill level 5 in Armour
  1517 | D:2      | Noticed Jessica
  1522 | D:2      | Killed Jessica
  1523 | D:2      | Reached XP level 6. HP: 56/56 MP: 5/5
  1860 | D:2      | Slain by a gnoll

Illustrated notes

Levels and vault maps discovered:
D:1:      heliophobic_arrival_dark_side_of_the_moon, layout_loops_corners
D:2:      layout_loops_ring, basic_altar, grunt_ministairs_3, uniq_sigmund,
          uniq_jessica, uniq_terence

Skill      XL: |  1  2  3  4  5 |
---------------+----------------+-----
Fighting       | 4 5 |  5.2
Armour         | 4 5 |  5.2
Shields        | 4 5 |  5.2
Polearms       | 3 4 |  4.4

Action                   |  1- 3 |  4- 6 || total
-------------------------+-------+-------++-------
Melee: Trident           |    69 |    40 ||   109
       Headbutt          |     2 |     4 ||     6
Evoke: Wand              |       |     5 ||     5
  Use: Potion            |     1 |       ||     1
Armor: Scale mail        |    25 |    10 ||    35
Dodge: Dodged            |    36 |    17 ||    53
Block: Buckler           |    16 |     6 ||    22

Table legend: (Time is in decaauts)
 A = Elapsed time spent in this place.
 B = Non-inter-level travel time spent in this place.
 C = Inter-level travel time spent in this place.
 D = Time resting spent in this place.
 E = Time spent auto-exploring this place.
 F = Levels seen in this place.
 G = Mean time per level.
                   A        B        C        D        E       F      G
               +--------+--------+--------+--------+--------+-----+--------+
         Total |   1879 |   1839 |     40 |    211 |   1393 |   2 |  939.5 |
       Dungeon |   1879 |   1839 |     40 |    211 |   1393 |   2 |  939.5 |
               +--------+--------+--------+--------+--------+-----+--------+

Top non-repeatable levels by time:
     D:2: 961 daAuts
     D:1: 918 daAuts
